 Dungeon Crawl Stone Soup version 0.30.0-10-gfe55d96785 (webtiles) character file.

Game seed: 7318143382685162104

40 ProzacElf the Chiller (level 3, 0/24 HPs)
             Began as a Demonspawn Wanderer on May 14, 2023.
             Slain by a worm (9 damage)
             ... on level 2 of the Dungeon.
             The game lasted 00:03:18 (978 turns).

ProzacElf the Chiller (Demonspawn Wanderer)          Turns: 978, Time: 00:03:19

Health: 0/24       AC:  6    Str: 13    XL:     3   Next: 30%
Magic:  0/4        EV: 10    Int: 15    God:
Gold:   72         SH:  0    Dex: 11    Spells: 3/4 levels left

rFire   . . .        a - +0 mace
rCold   . . .        (no shield)
rNeg    . . .        b - +0 ring mail
rPois   .            (no helmet)
rElec   .            (no cloak)
rCorr   .            (no gloves)
SInv    .            (no boots)
Will    .....        (no amulet)
Stlth   +            (no ring)
HPRegen 0.24/turn    (no ring)
MPRegen 0.09/turn

%: no passive effects
@: very slightly contaminated
A: powered by death 1, sharp scales 1
a: no special abilities


You were on level 2 of the Dungeon.
You visited 1 branch of the dungeon, and saw 2 of its levels.

You collected 72 gold pieces.

Inventory:

Hand Weapons
 a - a +0 mace (weapon)
Armour
 b - a +0 ring mail (worn)
Scrolls
 c - 2 scrolls of fog
 d - a scroll of fear {unknown}
 f - 4 scrolls of identify {unknown}
 h - a scroll of teleportation {unknown}
 j - a scroll of enchant armour {unknown}
Potions
 e - a potion of invisibility {unknown}
 g - 2 potions of flight {unknown}
 i - a potion of curing {unknown}


   Skills:
 + Level 2.4 Maces & Flails
 - Level 2.6 Armour
 + Level 1.5 Stealth
 - Level 1.0 Spellcasting
 + Level 4.0 Ice Magic


You had 3 spell levels left.
You knew the following spells:

 Your Spells              Type           Power      Damage    Failure   Level
a - Freeze                Ice            48%        1d6       10%         1

Your spell library contained the following spells:

 Spells                   Type           Power      Damage    Failure   Level
 Ozocubu's Armour         Ice            12%        N/A       28%         3
 Hailstorm                Conj/Ice       6%         3d4       54%         3


Dungeon Overview and Level Annotations

Branches:
Dungeon (2/15)

Altars:


Innate Abilities, Weirdness & Mutations

You regenerate a little health from kills.
You are partially covered in razor-sharp scales. (AC +1, Slay +1)


Message History

Ye now haf 3/4 mp.
Castin': Freeze (safe; 10% risk o' failure) Confirm wit' . or Enter, or press ? or * ta list all spells.
Aimin': Freeze (safe; 10% risk o' failure)
Press: ? - help, Shift-Dir - straight line, f/p - worm
Aim: a worm Ye freeze tha worm.
Tha worm be lightly wounded.
Tha worm bites ye!
Ye take 9 damage, an' haf 15/24 hp.
MASSIVE DAMAGE!!
Ye now haf 2/4 mp.
Castin': Freeze (safe; 10% risk o' failure) Confirm wit' . or Enter, or press ? or * ta list all spells.
Aimin': Freeze (safe; 10% risk o' failure)
Press: ? - help, Shift-Dir - straight line, f/p - worm
Aim: a worm (lightly wounded) Ye freeze tha worm.
Tha worm be moderately wounded.
Ye now haf 1/4 mp.
Castin': Freeze (safe; 10% risk o' failure) Confirm wit' . or Enter, or press ? or * ta list all spells.
Aimin': Freeze (safe; 10% risk o' failure)
Press: ? - help, Shift-Dir - straight line, f/p - worm
Aim: a worm (moderately wounded) Ye freeze tha worm.
Tha worm be heavily wounded.
Tha worm bites ye.
Ye take 4 damage, an' haf 12/24 hp.
Ye now haf 0/4 mp.
Castin': Freeze (safe; 10% risk o' failure) Confirm wit' . or Enter, or press ? or * ta list all spells.
Ye dinnae haf enough magic ta cast 'tis spell.
Ye hit tha worm.
Tha worm be heavily wounded.
Tha worm bites ye.
Ye take 4 damage, an' haf 8/24 hp.
Ye barely miss tha worm.
Tha worm be heavily wounded.
Ye hit tha worm but do nay damage.
Tha worm be heavily wounded.
Tha worm bites ye!
Ye die...

#####
######...######
.........w@...####
####....#####....###
#...##'# #+##...###
#..# ..# ###...# #.
#..# #.##..# #. #wg#
#.†'..# .# #.# #..#
#.##..# ##$#
#..###?.# ###...#
#..#####...####
####...#.#


You could see a worm.

Vanquished Creatures
  An adder (D:2)
  7 ball pythons
  5 endoplasms
  A giant cockroach (D:1)
  3 goblins
  4 hobgoblins (D:1)
  A jackal (D:1)
  A bat (D:1)
  2 frilled lizards (D:1)
  2 kobolds (D:1)
  2 rats
29 creatures vanquished.

Notes
Turn   | Place    | Note
-------+----------+-------------------------------------------
     0 | D:1      | ProzacElf the Demonspawn Wanderer began the quest for the
                  | Orb.
     0 | D:1      | ProzacElf set off with the following items: a +0 mace, a +0
                  | ring mail, a scroll of fog; and the following spell
                  | memorised: Freeze; and the following spells available to
                  | memorise: Ozocubu's Armour, Hailstorm.
     0 | D:1      | Reached XP level 1. HP: 13/13 MP: 2/2
   129 | D:1      | Gained mutation: You regenerate a little health from kills.
                  | [demonic ancestry]
   129 | D:1      | Reached XP level 2. HP: 12/19 MP: 0/3
   297 | D:1      | Reached skill level 1 in Stealth
   502 | D:1      | Found a faded altar of an unknown god.
   836 | D:2      | Gained mutation: You are partially covered in razor-sharp
                  | scales. (AC +1, Slay +1) [demonic ancestry]
   836 | D:2      | Reached XP level 3. HP: 22/24 MP: 0/4
   913 | D:2      | Reached skill level 4 in Ice Magic
   978 | D:2      | Slain by a worm

Illustrated notes

Levels and vault maps discovered:
D:1:      lightli_arrival_flooded_house, layout_basic,
          chequers_ecumenical_altar_island, minmay_tromino_v4_c
D:2:      layout_loops_ring, basic_altar, minmay_divided_ellipse

Skill      XL: |  1  2  3 |
---------------+----------+-----
Maces & Flails | 2 |  2.4
Stealth        | 1 |  1.5
Ice Magic      | 4 |  4.0
Armour         | |  2.6
Spellcasting   | |  1.0

Action                     || total
---------------------------++-------
  Melee: Mace              ||    71
   Cast: Freeze            ||    13
 Armour: Ring mail         ||    38
  Dodge: Dodged            ||    43

Action                     || total
---------------------------++-------
  Melee: Mace              ||    71
   Cast: Freeze            ||    13
 Armour: Ring mail         ||    38
  Dodge: Dodged            ||    43

Levels and vault maps discovered:
D:1:      lightli_arrival_flooded_house, layout_basic,
          chequers_ecumenical_altar_island, minmay_tromino_v4_c
D:2:      layout_loops_ring, basic_altar, minmay_divided_ellipse
